 Dungeon Crawl Stone Soup version 0.25.0-46-gbd7b0854d2 (webtiles) character file.

Game seed: 18108835772133396765

1387 Milting the Insei (level 8, -2/54 (56) HPs)
             Began as an Octopode Transmuter on July 13, 2020.
             Was an Initiate of Makhleb.
             Slain by a sky beast (6 damage)
             ... on level 6 of the Dungeon.
             The game lasted 00:20:04 (6223 turns).

Milting the Insei (Octopode Transmuter)             Turns: 6223, Time: 00:20:05

HP:   -2/54 (56)    AC:  5    Str: 11    XL:     8   Next: 67%
MP:   14/14         EV: 16    Int: 16    God:    Makhleb [......]
Gold: 355           SH:  0    Dex: 12    Spells: 14/15 levels left

rFire    . . .     SeeInvis .     - Unarmed
rCold    . . .     Gourm    .   (no shield)
rNeg     . . .     Faith    .   (helmet restricted)
rPois    .         Spirit   .   q - amulet of magic regeneration
rElec    .         Reflect  .   s - +4 ring of protection
rCorr    +         Harm     .   F - ring of resist corrosion
MR       .....                  (no ring)
Stlth    ++........             (no ring)
HPRegen  0.18/turn              (no ring)
MPRegen  0.39/turn              (no ring)
                                (no ring)
                                (no ring)

@: appendage (expiring)
A: almost no armour, stealthy swim, amphibious, 8 rings, constrict 8, tentacle
spike 3, camouflage 1, gelatinous body 1
a: End Transformation, Renounce Religion


You were on level 6 of the Dungeon.
You worshipped Makhleb.
Makhleb was noncommittal.
You were not hungry.
One of your tentacles had a temporary spike.
You visited 1 branch of the dungeon, and saw 7 of its levels.

You collected 355 gold pieces.

Inventory:

Missiles
 a - 133 arrows
 b - 188 stones (quivered)
 d - 48 bolts
 k - 3 silver javelins
 C - 14 poisoned darts
Jewellery
 q - an amulet of magic regeneration (around mantle)
 s - a +4 ring of protection (left tentacle)
 F - a ring of resist corrosion (right tentacle)
Wands
 B - a wand of flame (20)
 G - a wand of polymorph (10)
Scrolls
 h - 3 scrolls of remove curse {unknown}
 i - 3 scrolls of identify
 l - a scroll of enchant weapon {unknown}
 m - a scroll of immolation {unknown}
 n - 2 scrolls of noise {unknown}
 p - 2 scrolls of amnesia {unknown}
 t - 4 scrolls of fear {unknown}
 x - 2 scrolls of teleportation {unknown}
 y - 2 scrolls of enchant armour {unknown}
 A - 3 scrolls of magic mapping
 D - 2 scrolls of random uselessness {unknown}
Potions
 e - 2 potions of cancellation
 f - a potion of brilliance {unknown}
 g - 2 potions of degeneration
 j - a potion of heal wounds {unknown}
 o - 3 potions of curing
 r - a potion of might {unknown}
 u - a potion of haste {unknown}
 w - a potion of stabbing {unknown}
 z - 2 potions of flight {unknown}
 E - 3 potions of berserk rage {unknown}
 H - a potion of magic {unknown}
Comestibles
 c - 13 rations


   Skills:
 * Level 5.5 Fighting
 * Level 5.9 Dodging
 * Level 6.2 Unarmed Combat
 + Level 4.0 Spellcasting
 - Level 2.0 Transmutations


You had 14 spell levels left.
You knew the following spells:

 Your Spells              Type           Power        Failure   Level  Hunger
a - Beastly Appendage     Tmut           #.....       8%          1    None

Your spell library contained the following spells:

 Spells                   Type           Power        Failure   Level  Hunger
 Sticks to Snakes         Tmut           #.......     11%         2    ##.....
 Spider Form              Tmut/Pois      #.........   32%         3    ###....
 Confusing Touch          Hex            #.......     45%         3    ###....
 Gell's Gravitas          Tloc           #.........   45%         3    ###....
 Ice Form                 Ice/Tmut       #.......     73%         4    ####...
 Petrify                  Tmut/Erth      #.......     73%         4    ####...
 Blade Hands              Tmut           #.........   90%         5    ######.
 Yara's Violent Unravell  Hex/Tmut       #.........   97%         5    ######.
 Metabolic Englaciation   Hex/Ice        #.........   99%         5    ######.


Dungeon Overview and Level Annotations

Branches:
Dungeon (7/15)
 Temple: D:4-7

Altars:
Ashenzari
Hepliaklqana
Makhleb
Nemelex Xobeh
Okawaru
Sif Muna
Vehumet
Yredelemnul

Annotations:
D:5 Eustachio, Pikel
D:6 Blork the orc


Innate Abilities, Weirdness & Mutations

You cannot wear most types of armour.
You are very stealthy in the water. (Stealth+)
You are amphibious.
You can wear up to eight rings at the same time.
You can use your tentacles to constrict eight enemies at once.
Your skin changes colour to match your surroundings (Stealth+).
Your rubbery body absorbs attacks. (AC +1, EV +1)
One of your tentacles bears a large vicious spike.


Message History

The wyvern skeleton misses you. Something closely misses you.
You tentacle-slap the wyvern skeleton.
You pierce the wyvern skeleton, but do no damage.
The wyvern skeleton is lightly damaged.
Blork the orc gestures at you while chanting.
The magic dart hits something.
The wyvern skeleton closely misses you. Something hits you.
Something shocks you.
You bludgeon the wyvern skeleton!
Your tentacle spike misses the wyvern skeleton.
The wyvern skeleton is moderately damaged.
The wyvern skeleton barely misses you. Something hits you.
* * * LOW HITPOINT WARNING * * *
Something shocks you.
* * * LOW HITPOINT WARNING * * *
Blork the orc miscasts a cantrip.
The wyvern skeleton bites you but does no damage.
The wyvern skeleton barely misses you. Something hits you.
* * * LOW HITPOINT WARNING * * *
Something shocks you.
You die...

##......#
##.......##
###.........#
#...........#
##...........#
##...>.......##
#............#
............##
.......{@...##
.......oZ....#
...........#..#
..........###..#
.(......<.# ##.
..####...## .
#####


You could see Blork the orc (fast) and a wyvern skeleton.

Vanquished Creatures
  Grinder (D:5)
  Duvessa (D:5)
  A black bear (D:6)
  A sky beast (D:5)
  A necrophage (D:3)
  An ogre (D:2)
  Dowan (D:5)
  A scorpion (D:4)
  A howler monkey (D:5)
  A crimson imp (D:5)
  A jelly (D:6)
  2 centaur skeletons
  An orc priest (D:3)
  An iguana (D:6)
  2 orc wizards
  3 worker ants
  A hound zombie (D:5)
  2 hound skeletons
  A worker ant zombie (D:3)
  8 adders
  3 gnolls (D:5)
  An ooze (D:2)
  An adder skeleton (D:4)
  3 dart slugs
  3 leopard geckos
  16 orcs
  A ball python (D:5)
  11 giant cockroaches
  8 goblins
  19 hobgoblins
  10 jackals
  2 quokkas
  8 bats
  8 frilled lizards
  6 kobolds
  A leopard gecko skeleton (D:5)
  9 rats
142 creatures vanquished.

Notes
Turn   | Place    | Note
-------+----------+-------------------------------------------
     0 | D:1      | Milting the Octopode Transmuter began the quest for the
                  | Orb.
     0 | D:1      | Reached XP level 1. HP: 13/13 MP: 3/3
   141 | D:1      | Reached XP level 2. HP: 18/18 MP: 3/5
   323 | D:1      | Reached XP level 3. HP: 22/23 MP: 6/6
  1167 | D:2      | Reached XP level 4. HP: 27/29 MP: 7/7
  1238 | D:2      | Noticed an ogre
  1290 | D:2      | Killed an ogre
  1290 | D:2      | Reached skill level 4 in Unarmed Combat
  1290 | D:2      | Reached XP level 5. HP: 35/35 MP: 8/8
  1988 | D:3      | Noticed a necrophage
  2000 | D:3      | Killed a necrophage
  2000 | D:3      | Reached XP level 6. HP: 27/40 MP: 10/10
  2346 | D:3      | Found a shattered altar of Ashenzari.
  2424 | D:3      | HP: 2/40 [orc priest/+0 mace (4)]
  3390 | D:4      | Found a shimmering blue altar of Sif Muna.
  3391 | D:4      | Found an iron altar of Okawaru.
  3401 | D:4      | Found a hazy altar of Hepliaklqana.
  3403 | D:4      | You fall into a shaft and drop 3 floors!
  3486 | D:7      | Found a basalt altar of Yredelemnul.
  3537 | D:6      | Reached XP level 7. HP: 28/45 MP: 11/11
  3859 | D:6      | Reached skill level 5 in Unarmed Combat
  3968 | D:6      | Noticed Blork the orc
  3976 | D:5      | Entered Level 5 of the Dungeon
  3981 | D:5      | Noticed Grinder
  3995 | D:5      | Killed Grinder
  3997 | D:5      | Noticed Pikel
  4013 | D:5      | Reached skill level 5 in Dodging
  4375 | D:5      | Reached XP level 8. HP: 52/52 MP: 13/13
  4587 | D:5      | Noticed Duvessa
  4630 | D:5      | Noticed Dowan
  4673 | D:5      | Killed Duvessa
  4673 | D:5      | Reached skill level 5 in Fighting
  4681 | D:5      | Killed Dowan
  4889 | D:5      | Noticed Eustachio
  4901 | D:5      | Reached skill level 6 in Unarmed Combat
  4922 | D:5      | Found a sparkling altar of Nemelex Xobeh.
  5420 | D:4      | Found a radiant altar of Vehumet.
  5715 | D:4      | Found a burning altar of Makhleb.
  5797 | D:4      | Became a worshipper of Makhleb the Destroyer
  6223 | D:6      | Slain by a sky beast

Illustrated notes

Levels and vault maps discovered:
D:1:      wander_arrival_peaceful_grave, layout_loops_ring
D:2:      layout_loops_cross, mrwooster_statue_mirror
D:3:      layout_loops_ring, first_ration, corexii_shack,
          evilmike_ruin_ashenzari
D:4:      layout_loops_corners, lemuel_round_altar,
          chequers_temple_overflow_statue_of_worship, chequers_mini_garden,
          lemuel_altar_in_water
D:5:      layout_loops_ring, nemelex_xobeh_ov_fountains_minmay, uniq_eustachio,
          uniq_duvessa, uniq_pikel, uniq_grinder
D:6:      layout_cave_pods, old_standard_altar, dancing_weapons_uskayaw,
          minmay_temple_entry_drinking_statues, uniq_blork_the_orc, uniq_edmund,
          uniq_prince_ribbit1
D:7:      layout_loops_ring, overflow_temple_1_default, uniq_menkaure

Skill      XL: |  1  2  3  4  5  6  7  8 |
---------------+-------------------------+-----
Fighting       | 2 3 4 5 |  5.5
Dodging        | 3 4 5 |  5.9
Unarmed Combat | 4 5 6 |  6.2
Spellcasting   | 3 4 |  4.0
Transmutations | |  2.0

Action                   |  1- 3 |  4- 6 |  7- 9 || total
-------------------------+-------+-------+-------++-------
Melee: Unarmed           |    83 |   159 |   150 ||   392
       Constrict         |    24 |    39 |    35 ||    98
       Kick              |    12 |    21 |    42 ||    75
       Tentacles         |     9 |    23 |    26 ||    58
       Punch             |     1 |     3 |     6 ||    10
Throw: Stone             |     3 |     7 |    10 ||    20
 Cast: Beastly Appendage |     6 |    15 |    16 ||    37
Evoke: Wand              |       |       |     2 ||     2
  Use: Scroll            |       |     5 |       ||     5
 Stab: Sleeping          |     4 |     3 |     3 ||    10
       Distracted        |       |       |     1 ||     1
  Eat: Chunk             |     1 |     7 |     9 ||    17
Armor: Skin              |     7 |     8 |    27 ||    42
Dodge: Dodged            |    38 |    90 |    91 ||   219
